 Dungeon Crawl Stone Soup version 0.29.1-2-gbd0b4ee654 (webtiles) character file.

Game seed: 14800071823205945336

1611 NinjaNoafa the Slicer (level 8, -1/58 HPs)
             Began as a Merfolk Gladiator on Nov 17, 2022.
             Slain by an orc warrior
             ... wielding a +0 short sword
              (7 damage)
             ... on level 6 of the Dungeon.
             The game lasted 00:13:33 (7361 turns).

NinjaNoafa the Slicer (Merfolk Gladiator)           Turns: 7361, Time: 00:13:33

Health: -1/58      AC:  8    Str: 14    XL:     8   Next: 95%
Magic:  0/9        EV: 13    Int:  8    God:
Gold:   86         SH:  9    Dex: 17    Spells: 9/9 levels left

rFire   + . .      SeeInvis +   a - +0 rapier
rCold   + . .      Faith    .   G - +0 kite shield
rNeg    . . .      Spirit   +   s - +2 robe {rC+ rF+}
rPois   .          Reflect  .   c - +0 helmet
rElec   .          Harm     .   (no cloak)
rCorr   .          Rampage  .   (no gloves)
Will    +....                   u - +2 pair of boots
Stlth   ++........              n - amulet of guardian spirit
HPRegen 0.19/turn               g - ring of see invisible
MPRegen 0.11/turn               o - ring of willpower

@: no status effects
A: (nimble swimmer 2), mertail
a: no special abilities


You were on level 6 of the Dungeon.
You visited 1 branch of the dungeon, and saw 6 of its levels.

You collected 142 gold pieces.
You spent 56 gold pieces at shops.

Inventory:

Hand Weapons
 a - a +0 rapier (weapon)
Missiles
 d - a throwing net
 i - 55 stones
 x - 11 poisoned darts
 C - a javelin
Armour
 c - a +0 helmet (worn)
 s - a +2 robe of resistance (worn)
 u - a +2 pair of boots (worn)
 G - a +0 kite shield (worn)
Jewellery
 g - a ring of see invisible (left hand)
 n - an amulet of guardian spirit (around neck)
 o - a ring of willpower (right hand)
Wands
 y - a wand of flame (32) (quivered)
 B - a wand of roots (6)
Scrolls
 b - a scroll of immolation {unknown}
 h - 6 scrolls of teleportation
 j - 2 scrolls of butterflies {unknown}
 l - 2 scrolls of noise {unknown}
 m - a scroll of poison {unknown}
 r - 2 scrolls of magic mapping {unknown}
 t - a scroll of enchant weapon {unknown}
 v - 4 scrolls of amnesia {unknown}
 D - a scroll of blinking {unknown}
 E - a scroll of enchant armour {unknown}
Potions
 e - a potion of attraction
 f - 2 potions of curing
 k - a potion of haste
 p - a potion of brilliance
 q - a potion of cancellation
 w - a potion of ambrosia {unknown}
 z - 2 potions of heal wounds {unknown}
 A - a potion of flight {unknown}
 F - a potion of berserk rage


   Skills:
 + Level 3.3 Fighting
 + Level 12.1 Short Blades
 - Level 2.0 Throwing
 - Level 5.0 Dodging
 * Level 3.0 Shields
 - Level 1.0 Spellcasting
 + Level 1.0 Evocations


You had 9 spell levels left.
You didn't know any spells.
Your spell library contained the following spells:

 Spells                   Type           Power      Damage    Failure   Level
 Beastly Appendage        Tmut           0%         N/A       77%         1
 Wereblood                Tmut           0%         N/A       88%         2
 Spider Form              Tmut/Pois      0%         N/A       98%         3


Dungeon Overview and Level Annotations

Branches:
Dungeon (6/15)
 Temple: D:4-7

Altars:
Elyvilon

Shops:
D:3 ?![!(


Innate Abilities, Weirdness & Mutations

((You are very nimble when in or above water. (Stealth+, EV+, Speed+++)))
Your lower body shifts to a powerful aquatic tail in water.


Message History

You block the orc warrior's attack.
You hit the orc but do no damage. You block the orc's attack.
The orc warrior closely misses you.
You hit the orc but do no damage. The orc barely misses you.
You block the orc warrior's attack.
You closely miss the orc. The orc hits you with a +0 war axe!
* * * LOW HITPOINT WARNING * * *
The orc warrior hits you but does no damage.
You hit the orc.
The orc is moderately wounded.
You hit the orc.
You kill the orc!
The orc warrior hits you with a +0 short sword.
* * * LOW HITPOINT WARNING * * *
You hit the orc warrior but do no damage.
The orc warrior closely misses you.
You hit the orc warrior.
The orc warrior is lightly wounded.
You block the orc warrior's attack.
You hit the orc warrior but do no damage.
The orc warrior is lightly wounded.
You hit the orc warrior.
The orc warrior is lightly wounded.
You block the orc warrior's attack.
You hit the orc warrior but do no damage.
The orc warrior is lightly wounded.
The orc warrior hits you but does no damage.
You closely miss the orc warrior.
The orc warrior is lightly wounded.
You block the orc warrior's attack.
You barely miss the orc warrior.
The orc warrior is lightly wounded.
You hit the orc warrior but do no damage.
The orc warrior is lightly wounded.
The orc warrior hits you with a +0 short sword.
* * * LOW HITPOINT WARNING * * *
You closely miss the orc warrior.
The orc warrior is lightly wounded.
The orc warrior hits you with a +0 short sword!
You die...

##....## #..##
..##...###...#
..###....##..## #
...####...#...# #..
....# ##......## ##..#
....# ###.....##...#
...## ##.......#### ..##
##....##...### ###
###..@o...... ####
#...).)...... ...###
##........... .....###
##............
##.....####.............
###........##..........
###......##..........
###....###.........
##....##


You could see an orc warrior.

Vanquished Creatures
  Grinder (D:6)
  Menkaure (D:4)
  A water moccasin (D:6)
  An ice beast (D:5)
  An orc warrior (D:6)
  A sky beast (D:6)
  A phantom (D:4)
  Blork the orc (D:4)
  4 scorpions
  An orc priest (D:6)
  A hound (D:4)
  3 jellies
  A gnoll bouda (D:4)
  3 iguanas
  2 orc wizards (D:6)
  Ijyb (D:4)
  5 gnolls (D:4)
  9 adders
  2 shadow imps (D:6)
  An ufetubus (D:5)
  3 dart slugs
  6 orcs
  9 ball pythons
  6 endoplasms
  2 giant cockroaches
  4 goblins
  7 hobgoblins
  6 kobolds
  5 quokkas
  3 bats
  3 frilled lizards
  7 rats
102 creatures vanquished.

Notes
Turn   | Place    | Note
-------+----------+-------------------------------------------
     0 | D:1      | NinjaNoafa the Merfolk Gladiator began the quest for the
                  | Orb.
     0 | D:1      | Reached XP level 1. HP: 16/16 MP: 1/1
    17 | D:1      | Reached skill level 4 in Short Blades
   272 | D:1      | Reached XP level 2. HP: 15/22 MP: 2/2
  1283 | D:2      | Reached skill level 1 in Spellcasting
  1283 | D:2      | Reached XP level 3. HP: 24/27 MP: 1/4
  1369 | D:2      | Reached skill level 5 in Short Blades
  1601 | D:2      | Found a white marble altar of Elyvilon.
  1712 | D:2      | Reached XP level 4. HP: 27/33 MP: 3/5
  2178 | D:3      | Found Hirru's Antique Weapon Shop.
  2289 | D:3      | Found Rocy's Distillery.
  2374 | D:3      | Found Sicsiosuca's Distillery.
  2399 | D:3      | Found Variv's Antique Armour Shoppe.
  2564 | D:3      | Reached skill level 6 in Short Blades
  2653 | D:3      | Found Doogor's Magic Scroll Boutique.
  2738 | D:3      | Bought 2 scrolls of identify for 56 gold pieces
  3116 | D:4      | Noticed Blork the orc
  3125 | D:3      | Reached XP level 5. HP: 34/38 MP: 6/6
  3363 | D:4      | Noticed a lemure
  3374 | D:5      | Entered Level 5 of the Dungeon
  3403 | D:5      | Reached skill level 7 in Short Blades
  3483 | D:5      | Noticed an ice beast
  3772 | D:4      | Noticed Menkaure
  3795 | D:4      | Killed Menkaure
  3796 | D:4      | Reached skill level 8 in Short Blades
  3796 | D:4      | Reached XP level 6. HP: 17/44 MP: 1/7
  4514 | D:4      | Reached skill level 9 in Short Blades
  4514 | D:4      | Reached XP level 7. HP: 48/50 MP: 8/8
  4719 | D:4      | Killed Blork the orc
  4846 | D:4      | Reached skill level 10 in Short Blades
  5330 | D:4      | Noticed Ijyb
  5343 | D:4      | Killed Ijyb
  5844 | D:5      | Reached XP level 8. HP: 51/56 MP: 6/9
  5949 | D:5      | Reached skill level 11 in Short Blades
  6606 | D:6      | Reached skill level 1 in Shields
  6754 | D:6      | Noticed Grinder
  6767 | D:6      | Killed Grinder
  6768 | D:6      | Reached skill level 12 in Short Blades
  7334 | D:6      | Reached skill level 5 in Dodging
  7342 | D:6      | Reached skill level 1 in Evocations
  7361 | D:6      | Slain by an orc warrior

Illustrated notes

Levels and vault maps discovered:
D:1:      ncdulo_lavacross, layout_basic, chequers_serial_rivers_micro_e
D:2:      layout_loops_cross, basic_altar
D:3:      kb_forest_paths, layout_loops_ring, serial_shops, shop_fountains,
          shop, nicolae_square_shop, nicolae_shop_stone,
          nicolae_shop_temple_entry_statues_fountains
D:4:      layout_basic, uniq_menkaure, uniq_pikel, uniq_blork_the_orc, uniq_ijyb
D:5:      layout_basic, chequers_serial_rivers_micro_c
D:6:      minmay_general_purpose_star, layout_cave_pods, minmay_fountain_box,
          uniq_grinder

Skill      XL: |  1  2  3  4  5  6  7  8 |
---------------+-------------------------+-----
Short Blades   | 4 5 6 8 9 10 12 | 12.1
Spellcasting   | 1 |  1.0
Shields        | 3 |  3.0
Fighting       | 3 |  3.3
Dodging        | 5 |  5.0
Evocations     | 1 |  1.0
Throwing       | |  2.0

Action                   |  1- 3 |  4- 6 |  7- 9 || total
-------------------------+-------+-------+-------++-------
Melee: Rapier            |    78 |   189 |   246 ||   513
       Punch             |     1 |       |     5 ||     6
Throw: Javelin           |     4 |     1 |     3 ||     8
       Dart              |       |     3 |       ||     3
       Throwing net      |       |     2 |     1 ||     3
Evoke: Wand              |       |       |     6 ||     6
  Use: Scroll            |       |     5 |     1 ||     6
       Potion            |       |     1 |     1 ||     2
 Stab: Sleeping          |       |     3 |     1 ||     4
       Held in net/web   |       |     1 |     1 ||     2
Armor: Leather armour    |    13 |    49 |    14 ||    76
       Robe              |       |       |    34 ||    34
Dodge: Dodged            |    50 |   116 |    78 ||   244
Block: Kite shield       |       |       |    30 ||    30
